 Dungeon Crawl Stone Soup version 0.30-a0-860-g512cf1e (webtiles) character file.

Game seed: 1828890855716365038

114 Nithhogg the Trooper (level 4, -1/41 HPs)
             Began as a Hill Orc Fighter on Mar 7, 2023.
             Slain by Pikel
             ... wielding a +2 whip of flaming
              (7 damage)
             ... on level 4 of the Dungeon.
             The game lasted 00:05:17 (2396 turns).

Nithhogg the Trooper (Hill Orc Fighter)             Turns: 2396, Time: 00:05:18

Health: -1/41      AC: 13    Str: 20    XL:     4   Next: 98%
Magic:  4/4        EV:  6    Int:  8    God:
Gold:   275        SH:  0    Dex: 16    Spells: 3/3 levels left

rFire   . . .      SeeInvis +    o - +3 great mace (heavy)
rCold   . . .      Faith    .    (shield currently unavailable)
rNeg    . . .      Spirit   .    u - +1 plate armour
rPois   .          Reflect  .    (no helmet)
rElec   .          Rampage  .    (no cloak)
rCorr   .                        (no gloves)
Will    .....                    (no boots) Stlth
                                 (no amulet)
HPRegen 0.26/turn                k - ring of see invisible
MPRegen 0.09/turn                v - +6 ring of dexterity

@: mighty, about to teleport
A: no striking features
a: no special abilities


You were on level 4 of the Dungeon.
You visited 1 branch of the dungeon, and saw 4 of its levels.

You collected 275 gold pieces.

Inventory:

Hand Weapons
 a - a +0 war axe
 i - a +2 whip of venom
 o - a +3 heavy great mace (weapon)
Armour
 b - a +0 scale mail
 c - a +0 buckler
 q - the +2 robe of the Morning Star {Harm Drain +Blink rC+}
   (You found it on level 2 of the Dungeon)

   rC:        It protects you from cold.
   +Blink:    It lets you blink.
   Drain:     It drains your maximum health when unequipped.
   Harm:      It increases damage dealt and taken.
 u - a +1 plate armour (worn)
Jewellery
 k - a ring of see invisible (left hand)
 v - a +6 ring of dexterity (right hand)
Scrolls
 g - a scroll of acquirement {unknown}
 h - a scroll of magic mapping {unknown}
 j - 3 scrolls of immolation {unknown}
 m - 3 scrolls of enchant armour
 p - 2 scrolls of amnesia {unknown}
 r - a scroll of identify {unknown}
Potions
 d - 2 potions of might
 l - 4 potions of curing {unknown}
 s - a potion of cancellation {unknown}
 t - 3 potions of magic
 w - a potion of attraction {unknown}


   Skills:
 + Level 4.8 Fighting
 + Level 4.3 Axes
 + Level 4.4 Armour
 - Level 3.2 Shields


You had 3 spell levels left.
You didn't know any spells.
Your spell library contained the following spells:

 Spells                   Type           Power      Damage    Failure   Level
 Magic Dart               Conj           0%         1d3       100%        1
 Searing Ray              Conj           0%         2d4       100%        2
 Fulminant Prism          Conj/Hex       0%         3d5       100%        4


Dungeon Overview and Level Annotations

Branches:
Dungeon (4/15)
 Temple: D:4-7

Altars:

Shops:
D:4 ?

Annotations:
D:4 Pikel


Message History

Pikel burns you. The lemure hits you but does no damage.
You bludgeon Pikel!!
Pikel is severely wounded.
Pikel hits you with a +2 whip of flaming.
Pikel burns you.
A lemure comes into view.
The lemure hits you. Pikel hits you but does no damage.
The lemure hits you but does no damage. Pikel barely misses you.
The lemure hits you.
The lemure moves out of view.
You feel very mighty all of a sudden. Pikel hits you but does no damage.
The lemure hits you but does no damage.
You closely miss Pikel.
Pikel is heavily wounded.
Pikel hits you but does no damage. The lemure hits you but does no damage.
The lemure barely misses you.
Pikel hits you with a +2 whip of flaming.
* * * LOW HITPOINT WARNING * * *
Pikel burns you.
* * * LOW HITPOINT WARNING * * *
It was a potion of magic.
Magic courses through your body. Pikel hits you but does no damage.
The lemure barely misses you.
You barely miss Pikel.
Pikel is heavily wounded.
Pikel hits you but does no damage. The lemure hits you but does no damage.
The lemure hits you.
* * * LOW HITPOINT WARNING * * *
Pikel hits you with a +2 whip of flaming.
* * * LOW HITPOINT WARNING * * *
Pikel burns you.
* * * LOW HITPOINT WARNING * * *
Okay, then.
Okay, then.
Hit: o) +3 great mace (heavy)
Press: ? - help, Dir - move target, f - Pikel
Aim: Pikel, wielding a +2 whip of flaming and wearing a +0 robe (heavily wounded, about 49% to evade your +3 heavy great mace)
Okay, then.
As you read the scroll of teleportation, it crumbles to dust.
You feel strangely unstable.
Pikel hits you with a +2 whip of flaming!
You die...

#.# #.# #.# #.#
#.####.####
######.........#
#...)..........#
#.#########.#..####
######.#####............
....................#
######..###...##@#.#....
#......>.##K#.# #
#.####...##55..)...
#.###......55...###
#.............###
#.###.######### #.# #.#
#.# #.# #.# #.#


You could see Pikel and 4 lemures.

Vanquished Creatures
  An iguana (D:4)
  2 adders (D:3)
  4 dart slugs
  An orc (D:4)
  4 endoplasms
  A giant cockroach (D:2)
  11 goblins
  6 hobgoblins
  3 quokkas
  6 ball pythons
  4 bats
  7 frilled lizards
  5 kobolds
  4 rats
59 creatures vanquished.

Notes
Turn   | Place    | Note
-------+----------+-------------------------------------------
     0 | D:1      | Nithhogg the Hill Orc Fighter began the quest for the Orb.
     0 | D:1      | Reached XP level 1. HP: 19/19 MP: 1/1
   128 | D:1      | Reached XP level 2. HP: 14/27 MP: 2/2
   504 | D:1      | Reached XP level 3. HP: 33/33 MP: 3/3
   899 | D:2      | Identified the +2 robe of the Morning Star {Harm Drain
                  | +Blink rC+}
  1634 | D:3      | Reached XP level 4. HP: 41/41 MP: 4/4
  2064 | D:4      | Found Siaps's Magic Scroll Shop.
  2378 | D:4      | Noticed a lemure
  2384 | D:4      | Noticed a lemure
  2386 | D:4      | Noticed Pikel
  2388 | D:4      | Noticed a lemure
  2390 | D:4      | Noticed a lemure
  2396 | D:4      | Slain by Pikel

Illustrated notes

Levels and vault maps discovered:
D:1:      dpeg_arrival_arbitrary_c, layout_basic
D:2:      layout_basic
D:3:      layout_loops_ring
D:4:      layout_loops_ring, minitemple, serial_shops, nicolae_stop_n_shop_1,
          uniq_pikel, uniq_crazy_yiuf_cottage

Skill      XL: |  1  2  3  4 |
---------------+-------------+-----
Axes           | 3 4 |  4.3
Fighting       | 4 |  4.8
Armour         | 4 |  4.4
Shields        | |  3.2

Action                     |  1- 3 |  4- 6 || total
---------------------------+-------+-------++-------
  Melee: War axe           |    48 |       ||    48
         Punch             |     2 |       ||     2
         Great mace        |    50 |    43 ||    93
    Use: Scroll            |       |     5 ||     5
         Potion            |       |     2 ||     2
 Armour: Scale mail        |    60 |    15 ||    75
         Plate armour      |       |    39 ||    39
  Dodge: Dodged            |    77 |    36 ||   113

Table legend: (Time is in decaauts)
 A = Elapsed time spent in this place.
 B = Non-inter-level travel time spent in this place.
 C = Inter-level travel time spent in this place.
 D = Time resting spent in this place.
 E = Time spent auto-exploring this place.
 F = Levels seen in this place.
 G = Mean time per level.
                   A        B        C        D        E       F      G
               +--------+--------+--------+--------+--------+-----+--------+
         Total |   2542 |   2437 |    105 |      0 |   1894 |   4 |  635.5 |
       Dungeon |   2542 |   2437 |    105 |      0 |   1894 |   4 |  635.5 |
               +--------+--------+--------+--------+--------+-----+--------+

Top non-repeatable levels by time:
     D:1: 758 daAuts
     D:3: 753 daAuts
     D:2: 647 daAuts
     D:4: 383 daAuts
